 Dungeon Crawl Stone Soup version 0.31-a0-1537-g69dc257577 (webtiles) character file.

Game seed: 2362392766762708764

49 Pixllover the Digger (level 3, -13/19 HPs)
             Began as a Gargoyle Earth Elementalist on Jan 1, 2024.
             Mangled by a kobold
             ... wielding a +0 whip of distortion
              (15 damage)
             ... on level 3 of the Dungeon.
             The game lasted 00:03:17 (1619 turns).

Pixllover the Digger (Gargoyle Earth Elementalist)  Turns: 1619, Time: 00:03:18

Health: -13/19     AC:  7    Str: 11    XL:     3   Next: 77%
Magic:  7/7        EV: 12    Int: 17    God:
Gold:   119        SH:  0    Dex: 10    Spells: 6/7 levels left

rFire   . . .        r - +0 war axe
rCold   . . .        (no shield)
rNeg    + . .        a - +0 robe
rPois   ∞            (no helmet)
rElec   +            o - +0 cloak
rCorr   .            n - +0 pair of gloves
SInv    .            (no boots)
Will    .....        (no amulet)
Stlth   ++           (no ring)
HPRegen 0.23/turn    (no ring)
MPRegen 0.10/turn

%: no passive effects
@: no status effects
A: sickness immunity, AC +3, negative energy resistance 1, electricity
resistance, torment resistance 1, petrification resistance
a: no special abilities


You were on level 3 of the Dungeon.
You visited 1 branch of the dungeon, and saw 3 of its levels.

You collected 119 gold pieces.

Inventory:

Hand Weapons
 l - a +0 dagger
 r - a +0 war axe (weapon)
Armour
 a - a +0 robe (worn)
 n - a +0 pair of gloves (worn)
 o - a +0 cloak (worn)
Scrolls
 e - a scroll of summoning {unknown}
 f - a scroll of revelation {unknown}
 g - a scroll of enchant weapon {unknown}
 j - a scroll of fear {unknown}
 p - 2 scrolls of identify {unknown}
 q - 2 scrolls of teleportation {unknown}
Potions
 b - a potion of magic
 c - a potion of enlightenment {unknown}
 d - a potion of haste {unknown}
 h - a potion of lignification {unknown}
 i - a potion of heal wounds {unknown}
 k - a potion of invisibility {unknown}
 m - a potion of attraction {unknown}


   Skills:
 + Level 0.2 Axes
 + Level 2.1 Dodging
 + Level 2.3 Stealth
 + Level 0.4 Unarmed Combat
 + Level 2.7 Spellcasting
 + Level 1.1 Conjurations
 + Level 4.1 Earth Magic


You had 6 spell levels left.
You knew the following spells:

 Your Spells              Type           Power      Damage    Failure   Level
a - Sandblast             Erth           32%        2d9       3%          1

Your spell library contained the following spells:

 Spells                   Type           Power      Damage    Failure   Level
 Passwall                 Erth           16%        N/A       10%         3
 Stone Arrow              Conj/Erth      22%        3d8       19%         3
 Brom's Barrelling Bould  Conj/Erth      11%        2d3       52%         4
 Petrify                  Alch/Erth      9%         N/A       58%         4


Dungeon Overview and Level Annotations

Branches:
Dungeon (3/15)

Altars:


Innate Abilities, Weirdness & Mutations

You are immune to sickness and miasma.
Your stone body is resilient. (AC +3)
You are immune to poison.
You resist negative energy. (rN+)
You are resistant to electric shocks. (rElec)
You are resistant to unholy torment.
You are immune to petrification.


Message History

The jackal bites you but does no damage.
The jackal barely misses you.
Found 2 boomerangs.
The jackal bites you but does no damage.
The jackal attacks as it pursues you!
The jackal bites you but does no damage.
You barely miss the jackal. You hit the jackal.
The jackal bites you but does no damage. x3
The jackal closely misses you.
An orc comes into view. It is wielding a +0 mace.
The orc shouts!
You hit the jackal.
The jackal is almost dead.
You closely miss the jackal. You barely miss the orc.
The jackal closely misses you. The jackal misses you.
The jackal bites you but does no damage.
The orc hits you with a +0 flail. The jackal barely misses you.
You hit the jackal.
You kill the jackal!
You barely miss the jackal. You barely miss the orc.
The jackal bites you but does no damage.
The orc hits you with a +0 flail.
* * * LOW HITPOINT WARNING * * *
The jackal closely misses you. The kobold hits you but does no damage.
Space warps around you.
* * * LOW HITPOINT WARNING * * *
The orc misses you. The jackal attacks as it pursues you!
The jackal bites you but does no damage.
The orc hits you but does no damage. The kobold attacks as it pursues you!
The kobold hits you but does no damage. The jackal barely misses you.
There is a stone staircase leading up here.
You see here a jackal corpse.
The jackal bites you but does no damage.
The orc completely misses you.
The kobold hits you with a +0 whip of distortion.
* * * LOW HITPOINT WARNING * * *
Space warps horribly around you!
Ouch! That really hurt!
You die...

#.#. $#.#.# ..##
###.#.#$..... ....
.....##.##.#...#
###...##.##.#...# #
.........##.#...###
#.###....#...........
........Ko........#
.......oh@.o......#
.?..#.o####.###.##
.#..$.o.Koo........
.......#####.#.#.###
.##...# #..... ##.#
###.### #( .# # #


You could see 4 orcs, a jackal and a kobold.

Vanquished Creatures
  2 dart slugs
  3 ball pythons
  2 endoplasms (D:1)
  4 giant cockroaches
  3 goblins
  2 hobgoblins (D:1)
  5 jackals
  5 kobolds
  3 quokkas
  6 bats
  2 frilled lizards (D:1)
  3 rats
40 creatures vanquished.

Notes
Turn   | Place    | Note
-------+----------+-------------------------------------------
     0 | D:1      | Pixllover the Gargoyle Earth Elementalist began the quest
                  | for the Orb.
     0 | D:1      | Reached XP level 1. HP: 10/10 MP: 3/3
   184 | D:1      | Reached XP level 2. HP: 15/15 MP: 3/5
  1064 | D:2      | Reached XP level 3. HP: 19/19 MP: 3/6
  1377 | D:2      | Reached skill level 4 in Earth Magic
  1619 | D:3      | Mangled by a kobold

Illustrated notes

Levels and vault maps discovered:
D:1:      dpeg_arrival_simpleton_a, layout_basic, kennysheep_minor_cross,
          minmay_ruptured
D:2:      layout_basic
D:3:      layout_loops_ring, hellmonk_ecumenical_altar_prayer_group,
          uniq_jessica

Skill      XL: |  1  2  3 |
---------------+----------+-----
Dodging        | 2 |  2.1
Earth Magic    | 4 |  4.1
Axes           | |  0.2
Stealth        | |  2.3
Unarmed Combat | |  0.4
Spellcasting   | |  2.7
Conjurations   | |  1.1

Action                     || total
---------------------------++-------
  Melee: Unarmed           ||    69
         Punch             ||     1
         Dagger            ||    54
         War axe           ||    36
   Cast: Sandblast         ||    21
   Stab: Distracted        ||     1
 Armour: Robe              ||   155
  Dodge: Dodged            ||   180

Table legend: (Time is in decaauts)
 A = Elapsed time spent in this place.
 B = Non-inter-level travel time spent in this place.
 C = Inter-level travel time spent in this place.
 D = Time resting spent in this place.
 E = Time spent auto-exploring this place.
 F = Levels seen in this place.
 G = Mean time per level.
                   A        B        C        D        E       F      G
               +--------+--------+--------+--------+--------+-----+--------+
         Total |   1645 |   1632 |     13 |     57 |   1073 |   3 |  548.3 |
       Dungeon |   1645 |   1632 |     13 |     57 |   1073 |   3 |  548.3 |
               +--------+--------+--------+--------+--------+-----+--------+

Top non-repeatable levels by time:
     D:1: 1069 daAuts
     D:2: 555 daAuts
     D:3: 21 daAuts
